 Dungeon Crawl Stone Soup version 0.21-a0-91-ga5031da (webtiles) character file.

4973 Ordine the Carver (level 10, 0/72 HPs)
             Began as an Octopode Fighter on June 30, 2017.
             Was an Elder of Okawaru.
             Slain by a centaur (9 damage)
             ... on level 8 of the Dungeon.
             The game lasted 00:24:36 (10487 turns).

Ordine the Carver (Octopode Fighter)               Turns: 10487, Time: 00:24:37

Health: 0/72       AC:  1    Str: 16    XL:     10   Next: 53%
Magic:  10/10      EV: 14    Int: 11    God:    Okawaru [****..]
Gold:   234        SH:  6    Dex: 14    Spells: 6/9 levels left

rFire    . . .     SeeInvis .   z - +0 scimitar (flame)
rCold    . . .     Gourm    .   t - +0 buckler
rNeg     . . .     Faith    .   (helmet restricted)
rPois    .         Spirit   .   (no amulet)
rElec    .         Reflect  .   h - +2 ring of slaying
rCorr    .         Harm     .   (no ring)
MR       .....                  (no ring)
Stlth    ++........             (no ring)
HPRegen  0.22/turn              (no ring)
MPRegen  0.12/turn              (no ring)
                                (no ring)
                                (no ring)

@: about to teleport
A: almost no armour, stealthy swim, amphibious, 8 rings, constrict 8, camouflage
1, gelatinous body 1
a: Heroism, Renounce Religion


You were on level 8 of the Dungeon.
You worshipped Okawaru.
Okawaru was greatly pleased with you.
You were not hungry.

You visited 2 branches of the dungeon, and saw 9 of its levels.

You collected 530 gold pieces.
You spent 296 gold pieces at shops.

Inventory:

Hand Weapons
 z - a +0 scimitar of flaming (weapon)
Missiles
 e - 264 stones (quivered)
 g - 28 poisoned needles
 i - 4 throwing nets
 k - 11 tomahawks
Armour
 b - a +1 shield
 t - a +0 buckler (worn)
Jewellery
 h - a +2 ring of slaying (left tentacle)
 B - an uncursed ring of fire
Wands
 p - a wand of lightning (15/15)
Scrolls
 j - 2 scrolls of amnesia
 l - 7 scrolls of remove curse
 n - a scroll of teleportation
 C - a scroll of recharging
 F - 2 scrolls of enchant weapon
 H - a scroll of fear
Potions
 c - 4 potions of might
 f - 5 potions of curing
 q - a potion of ambrosia
 r - 2 potions of agility
 u - a potion of lignification {unknown}
 v - a potion of experience {unknown}
 w - a potion of brilliance {unknown}
 x - a potion of magic {unknown}
 D - a potion of degeneration {unknown}
 E - a potion of invisibility {unknown}
Books
 o - a book of Cantrips

   Spells                             Type                      Level
   a - Confusing Touch                Hexes                        1
   b - Animate Skeleton               Necromancy                   1
   c - Summon Small Mammal            Summoning                    1
   d - Apportation                    Translocation                1
 y - a book of Geomancy

   Spells                             Type                      Level
   a - Sandblast                      Earth                        1
   b - Passwall                       Transmutation/Earth          2
   c - Stone Arrow                    Conjuration/Earth            3
   d - Petrify                        Transmutation/Earth          4
   e - Lee's Rapid Deconstruction     Earth                        5
 A - a book of Minor Magic

   Spells                             Type                      Level
   a - Magic Dart                     Conjuration                  1
   b - Blink                          Translocation                2
   c - Call Imp                       Summoning                    2
   d - Slow                           Hexes                        2
   e - Conjure Flame                  Conjuration/Fire             3
   f - Mephitic Cloud                 Conjuration/Poison/Air       3
 G - a book of Changes

   Spells                             Type                      Level
   a - Beastly Appendage              Transmutation                1
   b - Sticks to Snakes               Transmutation                2
   c - Spider Form                    Transmutation/Poison         3
   d - Ice Form                       Ice/Transmutation            4
   e - Blade Hands                    Transmutation                5
Comestibles
 a - 6 chunks of flesh
 d - 8 bread rations
 m - 4 fruits
 s - 4 royal jellies


   Skills:
 + Level 8.2 Fighting
 * Level 11.0 Long Blades
 - Level 3.0 Dodging
 + Level 8.1 Shields


You had 6 spell levels left.
You knew the following spells:

 Your Spells              Type           Power        Failure   Level  Hunger
a - Apportation           Tloc           #.....       34%         1    ##.....
b - Blink                 Tloc           N/A          47%         2    ###....


Dungeon Overview and Level Annotations

Branches:
Dungeon (8/15)             Temple (1/1) D:5            Lair (0/6) D:8

Altars:
Ashenzari
Cheibriados
Dithmenos
Elyvilon
Fedhas
Gozag
Hepliaklqana
Kikubaaqudgha
Makhleb
Nemelex Xobeh
Okawaru
Qazlal
Ru
Sif Muna
Trog
Uskayaw
Vehumet
Wu Jian
Xom
Yredelemnul
Zin

Shops:
D:5 :   D:8 (


Innate Abilities, Weirdness & Mutations

You cannot wear most types of armour.
You are very stealthy in the water. (Stealth+)
You are amphibious.
You can wear up to eight rings at the same time.
You can use your tentacles to constrict eight enemies at once.
Your skin changes colour to match your surroundings (Stealth+).
Your rubbery body absorbs attacks. (AC +1, EV +1)


Message History

* * * LOW HITPOINT WARNING * * *
The centaur shoots an arrow.
You block the arrow.
You see here 2 arrows.
You start resting.
Eating one of 7 chunks of flesh.
You eat one of the 7 chunks of flesh.
This raw flesh tastes terrible.
The centaur unwields an uncursed shortbow.
You block the centaur's attack.
You hit the centaur. You burn the centaur.
The centaur is lightly wounded.
The centaur hits you!
* * * LOW HITPOINT WARNING * * *
Unknown command.
It was a potion of curing.
You feel better. The centaur hits you.
* * * LOW HITPOINT WARNING * * *
Unknown command.
Unknown command.
As you read the scroll of teleportation, it crumbles to dust.
You feel strangely unstable. You block the centaur's attack.
The centaur hits you!
You die...

..## #.............##
#..####...........##
#...###............#
..#..##..........#.##
..##..#.............#
..###.#.............# ..#
##.#.......#'#..# ###
##.....#..#.#..# # #
##..##..##@##.## ##
#..#...###c#..# #.
##.....##(..##.## #.
#......#c#####..# #.
###.....##.#..###.## #.
###.......##.'..o.#..# ### ##
#........#####.)#(##.###.### #
##........#########.#.......##
##........##.........##.......###


You could see a centaur.

Vanquished Creatures
  A komodo dragon (D:8)
  A hippogriff (D:7)
  A wyvern (D:8)
  A vampire mosquito (D:8)
  Menkaure (D:6)
  An ice beast (D:8)
  5 orc warriors
  3 phantoms
  A sky beast (D:4)
  A black bear (D:8)
  5 ogres
  3 centaurs
  4 bullfrogs
  A gnoll sergeant (D:3)
  A water moccasin zombie (D:8)
  6 scorpions
  2 howler monkeys
  4 crimson imps
  A centaur zombie (D:7)
  A bullfrog zombie (D:7)
  3 jellies
  4 gnoll shamans (D:3)
  2 hounds
  4 orc priests
  A bullfrog skeleton (D:7)
  2 centaur skeletons (D:4)
  4 iguanas
  4 orc wizards
  11 worker ants
  A killer bee zombie (D:6)
  2 hound skeletons
  36 gnolls
  7 adders
  3 oozes
  An adder skeleton (D:7)
  3 worms
  7 leopard geckos
  26 orcs
  6 bats
  6 giant cockroaches
  7 goblins
  7 hobgoblins
  31 jackals
  5 quokkas
  4 ball pythons
  2 frilled lizards
  A jackal zombie (D:5)
  6 kobolds
  2 leopard gecko skeletons
  2 leopard gecko zombies (D:8)
  6 rats
250 creatures vanquished.

Vanquished Creatures (others)
  A jackal (D:3)
  5 plants (D:8)
6 creatures vanquished.

Grand Total: 256 creatures vanquished

Notes
Turn   | Place    | Note
-------+----------+-------------------------------------------
     0 | D:1      | Ordine the Octopode Fighter began the quest for the Orb.
     0 | D:1      | Reached XP level 1. HP: 16/16 MP: 1/1
   172 | D:1      | Reached XP level 2. HP: 12/21 MP: 2/2
   508 | D:1      | Reached XP level 3. HP: 26/26 MP: 3/3
   778 | D:1      | Reached skill level 3 in Long Blades
   890 | D:2      | Found an iron altar of Okawaru.
   905 | D:2      | Became a worshipper of Warmaster Okawaru
   975 | D:2      | Found an ancient bone altar of Kikubaaqudgha.
   975 | D:2      | Found a sparkling altar of Nemelex Xobeh.
   975 | D:2      | Found a glowing silver altar of Zin.
   975 | D:2      | Found a burning altar of Makhleb.
  1117 | D:2      | Reached XP level 4. HP: 31/31 MP: 4/4
  2033 | D:3      | Reached XP level 5. HP: 37/37 MP: 5/5
  2157 | D:3      | Learned a level 1 spell: Apportation
  2269 | D:3      | Reached skill level 4 in Long Blades
  2512 | D:3      | Reached XP level 6. HP: 37/43 MP: 6/6
  2639 | D:3      | HP: 1/43 [gnoll/wand of lightning (?/15) (22)]
  2653 | D:3      | Reached * piety under Okawaru
  2826 | D:3      | Reached skill level 5 in Long Blades
  3210 | D:3      | Reached XP level 7. HP: 32/49 MP: 7/7
  3575 | D:3      | Reached ** piety under Okawaru
  3577 | D:3      | Reached skill level 5 in Shields
  3756 | D:3      | Found a shattered altar of Ashenzari.
  4083 | D:3      | Reached skill level 6 in Long Blades
  4249 | D:4      | Reached skill level 5 in Fighting
  4572 | D:4      | Reached XP level 8. HP: 47/55 MP: 8/8
  5269 | D:5      | Entered Level 5 of the Dungeon
  5325 | D:4      | Reached skill level 7 in Long Blades
  6015 | D:5      | Found a sparkling altar of Nemelex Xobeh.
  6217 | D:5      | Reached skill level 8 in Long Blades
  6222 | D:5      | Found Ziusm's Book Emporium.
  6225 | D:5      | Bought a book of Minor Magic for 240 gold pieces
  6228 | D:5      | Learned a level 2 spell: Blink
  6242 | D:5      | Found a staircase to the Ecumenical Temple.
  6260 | Temple   | Entered the Ecumenical Temple
  6724 | D:5      | Reached XP level 9. HP: 52/62 MP: 9/9
  6827 | D:5      | Reached *** piety under Okawaru
  7403 | D:6      | Noticed Menkaure
  7409 | D:6      | Killed Menkaure
  7438 | D:6      | Reached skill level 9 in Long Blades
  8186 | D:7      | Reached **** piety under Okawaru
  8788 | D:7      | Reached skill level 10 in Long Blades
  8831 | D:7      | Reached XP level 10. HP: 71/71 MP: 10/10
  9086 | D:8      | Found Riuruzyo's Weapon Boutique.
  9098 | D:8      | Bought a +0 scimitar for 56 gold pieces
  9265 | D:8      | Found a staircase to the Lair.
  9932 | D:8      | Found a runed door.
  9932 | D:8      | Found a runed door.
 10476 | D:8      | Reached skill level 11 in Long Blades
 10485 | D:8      | HP: 1/72 [centaur (7)]
 10487 | D:8      | Slain by a centaur

Vault maps used:
D:1:      onia_arrival_pyramid
D:2:      wad_lake_hut, chequers_temple_overflow_statue_of_worship,
          okawaru_gym_becter
D:3:      lemuel_castle_with_subvaults, nicolae_overflow_crystal_walls,
          first_bread
D:4:      st_stairs_10, minmay_door_square
D:5:      minmay_temple_entry_statues_fountains, serial_shops,
          kennysheep_mini_moat, nemelex_dance_club_becter
D:6:      uniq_menkaure
D:8:      minmay_the_grid_triangle_9x9_recursive_2, david_lair_shrubbed,
          serial_shops, shop
Temple:   regret_index_temple_generic_petals

Skill      XL: |  1  2  3  4  5  6  7  8  9 10 |
---------------+-------------------------------+-----
Long Blades    | 3 4 5 6 8 10 11 | 11.0
Fighting       | 4 5 6 7 8 |  8.2
Shields        | 4 5 6 7 8 |  8.1
Dodging        | |  3.0

Action                   |  1- 3 |  4- 6 |  7- 9 | 10-12 || total
-------------------------+-------+-------+-------+-------++-------
Melee: Long sword        |    56 |   111 |   272 |     8 ||   447
       Constrict         |    15 |    35 |    75 |    24 ||   149
       Tentacles         |    14 |    26 |    68 |    31 ||   139
       Scimitar          |       |       |       |    95 ||    95
Throw: Stone             |       |     1 |    34 |     2 ||    37
  Use: Scroll            |     5 |     2 |     7 |     3 ||    17
       Potion            |       |     1 |     1 |     1 ||     3
 Stab: Sleeping          |     2 |     2 |    15 |     2 ||    21
       Distracted        |       |       |       |     1 ||     1
  Eat: Chunk             |     1 |     6 |    18 |     6 ||    31
Armor: Skin              |     1 |     2 |     9 |     2 ||    14
Dodge: Dodged            |    24 |    38 |   114 |    41 ||   217
Block: Shield            |    28 |    45 |    13 |       ||    86
       Buckler           |       |       |    43 |    21 ||    64
       Rpst.: Long sword |     8 |    11 |    44 |       ||    63
       Scimitar          |       |       |       |    11 ||    11
